Map: Rupi ghiacciate

Players

LaWeedaLoca - Winner!

  • Race: Zerg Zerg
  • League: Master

IlBirraioOo - Winner!

  • Race: Zerg Zerg

Jhyrachy - Winner!

  • Race: Zerg Zerg
  • League: Gold

KlimaPwNz

  • Race: Zerg Zerg
  • League: Platinum

Gorczyc

  • Race: Protoss Protoss
  • League: Bronze

Khorn

  • Race: Zerg Zerg
  • League: Silver

VOD

Have the link to the VOD?

Description

Time

  • Played on: April 27, 2016, 5:31 p.m.
  • Length: 10:44
Show
View Real Time Build Order
Export as new Build Order

LaWeedaLoca Zerg - Winner!

Build Orders: Pool First 

Get SALT Encoding   

  12  0:01  Drone  
  13  0:12  Overlord  
  13  0:18  Drone  
  14  0:35  Drone x3  
  17  0:46  Spawning Pool  
  16  0:50  Drone  
  16  0:54  Extractor  
  16  0:56  Drone  
  17  1:24  Hatchery  
  16  1:29  Drone x2  
  16  1:30  Drone  
  19  1:40  Queen  
  21  1:51  Zergling x2  
  21  1:52  Overlord  
  22  1:59  Metabolic Boost  
  22  2:06  Overlord  
  22  2:22  Zergling x2  
  23  2:24  Zergling x2  
  24  2:36  Zergling x2  
  25  2:43  Zergling x2  
  26  2:46  Queen  
  26  2:50  Zergling x4  
  30  2:56  Zergling x6  
  33  2:59  Zergling x2  
  33  3:01  Zergling x2  
  35  3:08  Zergling x2  
  35  3:12  Zergling x2  
  37  3:19  Overlord  
  37  3:21  Zergling x2  
  37  3:22  Zergling x6  
  41  3:31  Zergling x2  
  42  3:37  Zergling x2  
  42  3:59  Zergling x2  
  42  4:00  Zergling x16  
  39  4:18  Zergling x6  
  39  4:35  Zergling x6  
  37  4:55  Zergling x8  
  34  5:08  Zergling x16  
  34  5:13  Baneling Nest  
  41  5:21  Evolution Chamber  
  41  5:23  Drone x2  
  42  5:32  Drone x5  
  47  5:45  Drone  
  47  5:46  Drone x4  
  52  5:57  Overlord  
  52  5:58  Overlord  
  48  6:21  Zerg Melee Weapons Level 1  
  48  6:24  Drone  
  48  6:25  Drone x4  
  53  6:31  Drone x2  
  55  7:00  Drone x9  
  55  7:01  Drone  
  61  7:12  Lair  
  61  7:17  Extractor  
  60  7:23  Extractor  
  60  7:24  Drone x6, Extractor  
  64  8:03  Baneling  
  64  8:04  Baneling x9  
  64  8:09  Zergling x2  
  64  8:10  Zergling x4  
  64  8:11  Overlord x2, Centrifical Hooks  
  64  8:12  Overlord x6  
  67  8:22  Hatchery  
  66  8:34  Zergling x2  
  66  8:35  Zergling x10  
  66  8:39  Hatchery, Zerg Ground Armor Level 1  
  66  8:41  Zergling x4  
  71  9:04  Zergling x10  
  71  9:05  Zergling x2  
  77  9:15  Zergling x2  
  77  9:16  Zergling x8  
  82  9:18  Zergling x2  
  82  9:23  Drone x3  
  86  9:25  Drone  
  87  9:33  Drone  
  87  9:34  Queen  
  87  9:36  Drone x2  
  92  9:45  Baneling x12  
  92  9:47  Zergling x10  
  97  9:54  Zergling x2  
  97  9:55  Zergling x8  
  97  9:56  Queen  
  97  9:58  Drone  
Show
View Real Time Build Order
Export as new Build Order

IlBirraioOo Zerg - Winner!

Build Orders: Pool First 

Get SALT Encoding   

  12  0:01  Drone  
  13  0:13  Drone  
  14  0:17  Overlord  
  14  0:25  Extractor  
  13  0:36  Spawning Pool  
  12  0:43  Drone  
  13  0:50  Drone x2  
  15  0:57  Drone  
  16  1:24  Zergling x2  
  16  1:25  Zergling x2  
  18  1:27  Zergling x2  
  18  1:29  Metabolic Boost  
  19  1:53  Zergling x4  
  21  1:55  Hatchery  
  21  1:59  Drone  
  21  2:12  Overlord  
  19  2:46  Zergling x4  
  19  2:47  Zergling x2  
  20  3:01  Zergling x2  
  21  3:08  Zergling x2  
  21  3:12  Zergling x2  
  22  3:25  Zergling x4  
  24  3:27  Queen  
  26  3:48  Zergling x8  
  27  4:16  Zergling x10  
  28  4:21  Zergling x2  
  24  4:35  Zergling x4  
  24  4:36  Queen  
  28  4:47  Drone, Roach Warren  
  28  4:52  Overlord  
  26  4:59  Zergling x4  
  22  5:07  Zergling x4  
  22  5:12  Drone  
  25  5:23  Drone x2  
  25  5:24  Drone x2  
  25  5:25  Drone  
  25  5:26  Spore Crawler  
  29  5:30  Spore Crawler  
  29  5:32  Drone  
  29  5:39  Drone  
  29  5:41  Roach  
  32  5:49  Zergling x4  
  29  6:08  Zergling x8  
  29  6:09  Zergling x4  
  31  6:25  Roach  
  32  6:26  Roach x2  
  32  6:31  Drone  
  32  6:32  Drone  
  28  6:41  Drone  
  27  6:49  Roach  
  27  6:50  Roach  
  31  6:58  Spine Crawler  
  31  6:59  Drone x2  
  32  7:13  Roach x2  
  36  7:18  Overlord  
  36  7:26  Lair  
  36  7:30  Overlord  
  36  7:39  Drone x3  
  39  7:48  Queen  
  41  7:57  Roach x2  
  45  8:09  Roach x3  
  51  8:13  Drone  
  51  8:16  Overlord  
  52  8:25  Overlord  
  52  8:40  Drone x4  
  52  8:41  Drone x2  
  58  8:46  Glial Reconstitution  
  58  8:54  Drone  
  58  8:55  Drone x4  
  63  9:06  Drone x2  
  65  9:19  Extractor  
  65  9:20  Extractor  
  65  9:22  Extractor  
  65  9:23  Roach x2  
  65  9:24  Roach  
  68  9:25  Overlord  
  68  9:44  Roach x2  
  68  9:45  Roach  
  74  9:49  Roach  
  76  9:53  Overlord x2  
  76  9:54  Overlord x2  
  76  10:16  Roach x4  
  76  10:20  Hatchery  
Show
View Real Time Build Order
Export as new Build Order

Jhyrachy Zerg - Winner!

Build Orders: Hatch First 

Get SALT Encoding   

  12  0:01  Drone  
  13  0:09  Drone  
  14  0:19  Overlord  
  14  0:38  Drone x3  
  17  0:58  Drone  
  17  1:00  Hatchery, Extractor  
  17  1:03  Drone  
  17  1:20  Spawning Pool  
  17  1:21  Drone  
  17  1:26  Drone  
  18  1:35  Drone  
  19  1:45  Overlord  
  19  2:07  Metabolic Boost  
  19  2:11  Queen, Evolution Chamber  
  19  2:13  Zergling x6  
  23  2:20  Queen  
  25  2:28  Drone  
  25  2:29  Drone  
  27  2:31  Drone  
  28  2:57  Zerg Melee Weapons Level 1  
  27  3:05  Drone  
  27  3:06  Drone x5  
  31  3:28  Drone  
  31  3:29  Drone x4  
  31  3:30  Overlord  
  36  3:42  Overlord  
  36  3:56  Lair  
  36  3:59  Extractor, Drone  
  36  4:00  Drone  
  36  4:01  Drone x2  
  39  4:03  Drone  
  39  4:04  Drone x3  
  39  4:08  Extractor  
  42  4:10  Extractor  
  42  4:12  Drone x3  
  42  4:13  Drone  
  45  4:45  Drone x2  
  47  4:46  Drone, Overlord x2  
  48  4:52  Hatchery  
  47  5:03  Spire  
  46  5:11  Queen  
  48  5:28  Drone  
  48  5:29  Drone  
  48  5:30  Drone  
  51  5:39  Overlord  
  51  5:40  Overlord  
  51  5:41  Extractor  
  50  5:43  Extractor  
  49  6:05  Drone x3  
  49  6:06  Drone x2  
  49  6:07  Drone  
  49  6:08  Overlord  
  55  6:15  Mutalisk x2  
  55  6:16  Mutalisk x7  
  73  6:33  Zerg Flyer Weapons Level 1  
  73  7:06  Mutalisk  
  73  7:07  Mutalisk x5  
  73  7:23  Drone x3  
  73  7:24  Drone x4  
  73  7:25  Drone  
  81  7:48  Queen x2  
  81  7:49  Queen  
  87  8:23  Mutalisk x5  
  97  9:09  Overlord x3  
  97  9:10  Overlord  
  97  9:31  Mutalisk x11  
  97  9:32  Mutalisk  
Show
View Real Time Build Order
Export as new Build Order

KlimaPwNz Zerg 

Build Orders: Hatch First, Zergling Baneling 

Get SALT Encoding   

  12  0:01  Drone  
  13  0:13  Overlord  
  13  0:18  Drone  
  14  0:32  Drone x2  
  16  0:37  Drone  
  17  0:56  Drone  
  18  0:59  Extractor  
  18  1:01  Hatchery  
  16  1:07  Drone  
  17  1:21  Spawning Pool, Drone  
  17  1:24  Drone  
  18  1:40  Drone  
  19  1:58  Overlord  
  19  2:05  Drone  
  20  2:11  Zergling x2  
  20  2:13  Queen x2  
  25  2:17  Metabolic Boost  
  25  2:20  Zergling x4  
  27  2:31  Zergling x2  
  27  2:32  Zergling x2  
  28  2:38  Zergling x4  
  30  2:56  Zergling x6  
  30  2:57  Zergling x2  
  31  3:05  Baneling Nest  
  30  3:06  Drone  
  30  3:07  Overlord  
  31  3:25  Zergling x2  
  31  3:26  Zergling x2  
  33  3:35  Zergling x2  
  33  3:36  Zergling x8  
  38  3:49  Baneling x5  
  38  3:50  Baneling  
  38  3:56  Zergling x10  
  42  4:14  Zergling x10  
  42  4:15  Zergling x2  
  42  4:21  Baneling  
  42  4:22  Baneling x4  
  41  4:25  Zergling x2  
  39  4:35  Zergling x6  
  36  4:56  Zergling x8  
  36  5:02  Zergling x6  
  36  5:03  Zergling x2  
  40  5:13  Baneling x4  
  40  5:14  Overlord  
  40  5:22  Baneling x4  
  40  5:28  Overlord  
  40  5:48  Zergling x14  
  34  6:24  Zergling x10  
  34  6:25  Zergling x12  
  41  6:33  Zergling x2  
  41  6:38  Zergling x4  
  37  6:55  Lair  
  37  6:58  Extractor  
  28  7:13  Zergling x12  
  21  7:24  Queen  
  23  7:31  Spore Crawler  
  22  7:41  Drone  
  22  7:42  Drone  
  24  7:50  Drone  
  19  8:22  Drone x3  
  19  8:23  Drone x3  
  25  8:40  Drone x2  
  25  8:41  Drone x2  
  29  8:47  Drone x2  
  31  9:07  Extractor  
  30  9:11  Extractor, Drone  
  30  9:12  Drone x2  
  32  9:24  Infestation Pit  
  32  9:28  Evolution Chamber  
  32  9:29  Evolution Chamber  
  32  9:30  Drone  
  30  9:33  Drone  
  30  9:36  Drone  
  32  9:40  Hatchery  
  31  9:48  Drone  
  31  9:49  Drone x2  
  31  9:50  Drone x2  
  36  9:53  Drone  
  37  10:11  Spore Crawler  
  37  10:13  Drone x4  
  34  10:16  Drone  
Show
View Real Time Build Order
Export as new Build Order

Gorczyc Protoss 

Build Orders:  

Get SALT Encoding   

  12  0:01  Probe (Chrono Boost)  
  13  0:12  Probe (Chrono Boost)  
  14  0:23  Probe (Chrono Boost)  
  14  0:27  Pylon  
  15  0:29  Assimilator  
  15  0:43  Assimilator  
  15  1:00  Probe (Chrono Boost)  
  15  1:02  Gateway  
  17  1:11  Probe (Chrono Boost)  
  17  1:22  Probe (Chrono Boost)  
  18  1:32  Probe (Chrono Boost)  
  19  1:38  Pylon  
  19  1:40  Pylon  
  19  1:43  Probe (Chrono Boost)  
  20  1:58  Cybernetics Core  
  20  1:59  Probe (Chrono Boost)  
  21  2:12  Nexus  
  21  2:19  Assimilator  
  21  2:26  Pylon  
  21  2:36  Assimilator  
  21  2:41  Zealot  
  21  2:44  Warp Gate (Chrono Boost)  
  23  2:47  Probe  
  24  2:59  Probe  
  24  3:03  Pylon  
  25  3:08  Adept  
  27  3:18  Probe  
  28  3:30  Probe  
  29  3:35  Adept  
  31  3:42  Probe  
  31  3:45  Twilight Council  
  32  3:49  Probe  
  32  3:53  Pylon  
  32  3:54  Probe  
  34  3:59  Probe  
  34  4:02  Adept  
  37  4:06  Probe  
  38  4:25  Gateway  
  38  4:28  Gateway  
  38  4:29  Adept  
  38  4:30  Gateway  
  40  4:41  Resonating Glaives  
  40  4:52  Probe  
  40  4:54  Probe  
  42  5:03  Probe  
  42  5:06  Probe  
  44  5:11  Gateway  
  44  5:15  Gateway  
  44  5:18  Gateway  
  44  5:27  Adept  
  46  5:28  Adept  
  46  5:30  Adept  
  50  5:47  Probe  
  50  5:49  Probe  
  52  5:58  Probe  
  52  6:01  Probe  
  54  6:05  Pylon  
  54  6:13  Probe, Pylon  
  54  6:16  Adept  
  54  6:17  Adept x2  
  61  6:30  Pylon  
  61  6:31  Pylon x2  
  61  6:32  Adept  
  61  6:33  Adept x3  
  61  6:35  Pylon  
  52  7:12  Probe  
  52  7:13  Probe  
  54  7:19  Stalker x3  
  54  7:20  Stalker  
  54  7:21  Stalker x2  
  54  7:22  Probe  
  66  7:25  Probe, Stalker  
  70  7:33  Probe  
  70  7:36  Blink (Chrono Boost)  
  71  7:37  Probe  
  71  7:43  Probe  
  72  7:49  Probe  
  74  7:54  Probe  
  75  8:01  Probe  
  75  8:03  Mothership Core  
  78  8:13  Probe  
  79  8:22  Stalker x4  
  79  8:25  Probe  
  79  8:27  Stalker  
  77  9:33  Stargate  
  77  9:35  Stargate  
  77  9:41  Stalker x3  
  77  9:42  Robotics Facility, Stalker  
  77  9:43  Stalker  
  77  9:44  Stalker  
  77  9:45  Stalker  
  91  9:56  Probe  
  91  9:57  Probe  
  93  10:06  Probe  
  93  10:09  Probe  
  86  10:21  Probe  
Show
View Real Time Build Order
Export as new Build Order

Khorn Zerg 

Build Orders: Hatch First 

Get SALT Encoding   

  12  0:01  Drone  
  13  0:12  Overlord  
  13  0:17  Drone  
  14  0:30  Drone x2  
  14  0:34  Drone  
  17  0:57  Extractor  
  17  0:58  Drone  
  17  1:02  Drone  
  17  1:03  Hatchery  
  17  1:25  Spawning Pool, Drone  
  17  1:41  Drone x2  
  19  2:15  Queen  
  21  2:16  Zergling x6  
  21  2:18  Metabolic Boost  
  21  2:20  Queen  
  21  2:21  Zergling x2  
  27  2:33  Spine Crawler  
  24  2:40  Zergling x4  
  18  3:13  Drone  
  18  3:14  Drone x2  
  18  3:15  Zergling x2  
  18  3:16  Zergling x4  
  22  3:24  Zergling x4  
  24  3:36  Zergling x2  
  24  3:37  Zergling x2  
  26  3:52  Baneling Nest  
  26  3:55  Zergling x4  
  8  4:22  Drone x2  
  8  4:23  Spine Crawler  
  7  4:25  Drone x2  
  9  4:37  Drone  
  10  4:46  Drone  
  11  4:57  Drone  
  12  5:01  Drone  
  13  5:09  Drone  
  14  5:23  Drone  
  15  5:32  Queen  
  15  5:34  Drone  
  18  5:46  Drone  
  19  5:57  Drone  
  19  5:59  Drone  
  21  6:05  Drone x4  
  25  6:12  Overlord  
  25  6:22  Zergling x4  
  27  6:33  Drone, Extractor  
  27  6:38  Pneumatized Carapace  
  27  6:45  Zergling x6  
  27  6:46  Zergling x2  
  29  7:25  Spore Crawler  
  29  7:26  Drone x4  
  29  7:27  Drone x2  
  29  7:29  Overlord x2  
  34  7:39  Drone  
  34  7:40  Drone  
  36  7:48  Spine Crawler  
  35  7:52  Spore Crawler  
  35  7:54  Zergling x8  
  35  7:55  Zergling x2  
  39  8:02  Lair  
  39  8:10  Evolution Chamber  
  37  8:45  Zergling x2  
  37  8:47  Zergling x14  
  43  8:53  Overlord x2  
  43  9:03  Hydralisk Den  
  42  9:25  Spore Crawler  
  42  9:30  Drone x3, Extractor  
  42  9:31  Drone  
  43  10:07  Hydralisk x2  
  43  10:08  Hydralisk x6  
  43  10:12  Overlord  
  43  10:13  Overlord  
Tags
 
Add a new tag
Caveats
  • Supply blocks, unpowered buildings, or Contaminate may cause inaccurate times.
  • Supply counts are checked every 10 seconds.